 Dungeon Crawl Stone Soup version 0.28-a0-397-g1a7b1a870f (webtiles) character file.

Game seed: 923247522817210670

101 dyingshadow93 the Sneak (level 4, -2/30 HPs)
             Began as a Vampire Enchanter on Sept 4, 2021.
             Was a Believer of Makhleb.
             Killed by divine providence
             ... invoked by an orc priest
              (13 damage)
             ... on level 3 of the Dungeon.
             The game lasted 00:43:47 (1932 turns).

dyingshadow93 the Sneak (Vampire Enchanter)         Turns: 1932, Time: 00:43:48

Health: -2/30      AC:  5    Str:  7    XL:     4   Next: 48%
Magic:  4/7        EV: 13    Int: 17    God:    Makhleb [**....]
Gold:   71         SH:  0    Dex: 15    Spells: 2/7 levels left

rFire   . . .      SeeInvis +   a - +1 dagger
rCold   . . .      Faith    .   (no shield)
rNeg    . . .      Spirit   .   b - +0 robe
rPois   .          Reflect  .   (no helmet)
rElec   .          Harm     .   q - +2 cloak
rCorr   .          Rampage  .   (no gloves)
Will    .....                   (no boots)
Stlth   +++.......              (no amulet)
HPRegen 0.30/turn               (no ring)
MPRegen 0.10/turn               (no ring)

@: healing quickly
A: alive, fangs 3, see invisible, vampiric 2
a: Exsanguinate, Renounce Religion, Minor Destruction


You were on level 3 of the Dungeon.
You worshipped Makhleb.
Makhleb was pleased with you.
You visited 1 branch of the dungeon, and saw 3 of its levels.

You collected 71 gold pieces.

Inventory:

Hand Weapons
 a - a +1 dagger (weapon)
 i - a +0 rapier
 k - a +0 dagger
 l - a +0 dagger
Missiles
 f - 4 boomerangs
 g - 99 stones (quivered)
 n - 22 arrows
Armour
 b - a +0 robe (worn)
 q - a +2 cloak (worn)
Magical Staves
 e - a staff of earth
Potions
 c - a potion of invisibility
 h - 2 potions of mutation
 j - 2 potions of flight
 p - 2 potions of curing


   Skills:
 * Level 2.4 Short Blades
 + Level 2.7 Dodging
 * Level 5.7 Stealth
 + Level 2.2 Spellcasting
 * Level 5.4 Hexes


You had 2 spell levels left.
You knew the following spells:

 Your Spells              Type           Power      Damage    Failure   Level
a - Ensorcelled Hibernat  Hex/Ice        22%        N/A       10%         2
b - Tukima's Dance        Hex            20%        N/A       6%          3

Your spell library contained the following spells:

 Spells                   Type           Power      Damage    Failure   Level
 Confusing Touch          Hex            20%        N/A       6%          3
 Dazzling Flash           Conj/Hex       22%        N/A       19%         3


Dungeon Overview and Level Annotations

Branches:
Dungeon (3/15)

Altars:
Makhleb
Zin


Innate Abilities, Weirdness & Mutations

Your natural rate of healing is accelerated.
You have razor-sharp teeth.
You have supernaturally acute eyesight. (SInv)
You are afflicted with vampirism and can become a bat while bloodless.


Message History

The orc wizard is heavily wounded.
The orc wizard hits you but does no damage.
You hit the orc wizard but do no damage.
The orc wizard is heavily wounded.
The orc wizard hits you with a +0 dagger.
You hit the orc wizard. Your bite misses the orc wizard.
The orc wizard is heavily wounded.
The orc wizard closely misses you.
The orc priest begins to cast a cantrip, but forgets the words!
You hit the orc wizard.
The orc wizard is severely wounded.
The orc priest looks encouraged for a moment.
The orc wizard hits you with a +0 dagger.
You closely miss the orc wizard.
The orc wizard is severely wounded.
The orc wizard gestures at you while chanting.
You resist with some effort.
You hit the orc wizard. Your bite misses the orc wizard.
The orc wizard is severely wounded.
The orc wizard misses you.
You hit the orc wizard.
The orc wizard is almost dead.
You closely miss the orc wizard.
The orc wizard is almost dead.
The orc wizard misses you.
You hit the orc wizard.
You kill the orc wizard!
Makhleb accepts your kill.
You barely miss the orc. The orc misses you.
You barely miss the orc. The orc hits you with a +0 dagger.
You hit the orc but do no damage. Your bite misses the orc.
The orc closely misses you.
You hit the orc but do no damage.
The orc priest mumbles some strange prayers to Beogh against you.
Beogh smites you!
You hit the orc but do no damage. Your bite misses the orc.
The orc barely misses you.
The orc priest calls down the wrath of Beogh upon you.
Beogh smites you!
You die...

##.## #..#.#.
##...## #.)...
##.....####.###
###.............#
#..........####.#
#.###...#### .#
#.# ##.## #
#####.# ###
#.oo@.# #.#####


You could see an orc priest and an orc.

Vanquished Creatures
  An orc wizard (D:3)
  Natasha (D:2)
  An adder (D:2)
  A worm (D:2)
  3 endoplasms (D:1)
  2 giant cockroaches
  4 goblins
  5 hobgoblins
  5 kobolds
  2 quokkas
  2 ball pythons (D:1)
  6 bats
  A frilled lizard (D:2)
  6 rats
40 creatures vanquished.

Vanquished Creatures (others)
  4 toadstools (D:1)
4 creatures vanquished.

Grand Total: 44 creatures vanquished

Notes
Turn   | Place    | Note
-------+----------+-------------------------------------------
     0 | D:1      | dyingshadow93 the Vampire Enchanter began the quest for the
                  | Orb.
     0 | D:1      | Reached XP level 1. HP: 13/13 MP: 3/3
   154 | D:1      | Reached XP level 2. HP: 11/19 MP: 5/5
   189 | D:1      | Learned a level 2 spell: Ensorcelled Hibernation
   218 | D:1      | Found a faded altar of an unknown god.
   237 | D:1      | Became a worshipper of Makhleb the Destroyer
   237 | D:1      | Reached * piety under Makhleb
   811 | D:2      | Reached skill level 5 in Stealth
   811 | D:2      | Reached skill level 5 in Hexes
   811 | D:2      | Gained mutation: You are afflicted with vampirism and can
                  | become a bat while bloodless. [Vampire growth]
   811 | D:2      | Reached XP level 3. HP: 24/24 MP: 6/6
   826 | D:2      | Learned a level 3 spell: Tukima's Dance
   857 | D:2      | Noticed Natasha
   905 | D:2      | Killed Natasha
  1187 | D:2      | Reached ** piety under Makhleb
  1192 | D:2      | Reached XP level 4. HP: 30/30 MP: 0/7
  1932 | D:3      | Killed from afar by an orc priest

Illustrated notes

Levels and vault maps discovered:
D:1:      ldierk_walled_garden_2, layout_rooms, basic_ecumenical_altar,
          minmay_bisected
D:2:      layout_basic, basic_altar, uniq_natasha
D:3:      layout_loops_ring, lemuel_coloured_pillars_altar, okawaru_gym_becter,
          serial_shops, nicolae_shop_trees, minmay_between

Skill      XL: |  1  2  3 |
---------------+----------+-----
Stealth        | 5 |  5.7
Hexes          | 5 |  5.4
Short Blades   | 2 |  2.4
Dodging        | |  2.7
Spellcasting   | |  2.2

Action                   |  1- 3 |  4- 6 || total
-------------------------+-------+-------++-------
Melee: Dagger            |    92 |    45 ||   137
       Bite              |     8 |       ||     8
 Cast: Ensorcelled Hiber |    12 |     6 ||    18
  Use: Scroll            |     2 |     3 ||     5
 Stab: Sleeping          |    17 |     7 ||    24
Armor: Robe              |    36 |     9 ||    45
Dodge: Dodged            |    64 |    19 ||    83

Table legend: (Time is in decaauts)
 A = Elapsed time spent in this place.
 B = Non-inter-level travel time spent in this place.
 C = Inter-level travel time spent in this place.
 D = Time resting spent in this place.
 E = Time spent auto-exploring this place.
 F = Levels seen in this place.
 G = Mean time per level.
                   A        B        C        D        E       F      G
               +--------+--------+--------+--------+--------+-----+--------+
         Total |   1919 |   1918 |      1 |    358 |    650 |   3 |  639.7 |
       Dungeon |   1919 |   1918 |      1 |    358 |    650 |   3 |  639.7 |
               +--------+--------+--------+--------+--------+-----+--------+

Top non-repeatable levels by time:
     D:1: 802 daAuts
     D:2: 731 daAuts
     D:3: 385 daAuts
